Red Wings vs Wild
Created - 4 février 2013 at 19:19
Goals
|
| Red Wings |
1 |
1 |
1 |
1 |
4 |
| Wild |
0 |
2 |
1 |
0 |
3 |
|
Shots
|
| Red Wings |
15 |
6 |
9 |
3 |
33 |
| Wild |
9 |
19 |
8 |
2 |
38 |
|
1st period
1. Red Wings , Donald Brashear 10 (Maxim Kondratiev) at 9:51
Penalties :
Kim Johnsson (Det) for Holding (Minor) at 13:36
2nd period
2. Red Wings , Kim Johnsson 8 (Jan Bulis, Peter Schaefer) at 6:12
3. Wild , Mike Green 4 (Anson Carter, Jozef Stumpel) at 18:00
4. Wild , Mike Green 5 (Mark Recchi, Chris Drury) at 18:28
Penalties :
Fedor Tyutin (Min) for Hooking (Minor) at 0:50, Mark Recchi (Min) for Hooking (Minor) at 19:09
3rd period
5. Red Wings , Shea Weber 4 (Peter Schaefer, Maxim Kondratiev) at 6:17
6. Wild , Rod Brind'Amour 6 (Mike Green, Nathan Dempsey) at 17:45
Penalties :
Nathan Dempsey (Min) for Hooking (Minor) at 8:07
Overtime #1
7. Red Wings , Sean Bergenheim 11 (Kim Johnsson, Martin Straka) at 2:41
Penalties :
No Penalty
Goalie Stats
Jonathan Quick (Det), 35 saves from 38 shots - (0,921), W, 16-10-2, 62:41 minutes
Martin Brodeur (Min), 29 saves from 33 shots - (0,879), OTL, 14-13-2, 62:41 minutes
Players Stats for Red Wings
Player Name G A P +/- PIM S H SB GA TA FO MP PP MP PK MP
------------------------------------------------------------------------------------
Antti Miettinen 0 0 0 0 0 0 1 1 0 0 0/1 15:30 2:32 0:26
Brian Pothier 0 0 0 -2 0 0 1 0 0 0 0/0 13:14 1:55 0:34
Brian Sutherby 0 0 0 0 0 1 1 2 1 0 2/5 10:04 0:08 0:59
Christian Backman 0 0 0 -2 0 2 0 0 0 0 0/0 12:02 0:00 1:21
Donald Brashear 1 0 1 -1 0 3 2 0 2 1 0/0 21:08 3:17 0:20
Jan Bulis 0 1 1 1 0 1 0 3 1 0 5/11 15:05 0:00 0:37
Jarome Iginla 0 0 0 -1 0 2 0 0 1 0 1/2 22:40 3:17 0:59
Kim Johnsson 1 1 2 1 2 5 4 0 0 2 0/0 28:33 4:02 0:00
Lubos Bartecko 0 0 0 1 0 0 1 0 0 0 1/1 14:06 0:08 0:00
Marcel Hossa 0 0 0 0 0 0 1 0 0 0 0/1 9:19 0:08 0:00
Martin Straka 0 1 1 1 0 4 1 0 0 2 2/7 15:26 2:32 0:00
Mathieu Dandenault 0 0 0 0 0 0 2 2 0 0 0/0 9:15 0:00 0:37
Maxim Kondratiev 0 2 2 2 0 3 2 2 0 0 0/0 20:49 0:00 0:53
Mike Richards 0 0 0 -1 0 1 0 0 1 0 16/33 21:41 3:17 0:00
Paul Martin 0 0 0 1 0 4 2 2 1 1 0/0 28:20 4:02 0:00
Peter Schaefer 0 2 2 1 0 2 1 0 1 0 0/0 13:44 0:00 0:00
Sean Bergenheim 1 0 1 1 0 1 2 0 1 0 0/0 15:11 2:32 0:00
Shea Weber 1 0 1 2 0 4 1 2 1 2 0/0 22:37 1:55 1:10
Players Stats for Wild
Player Name G A P +/- PIM S H SB GA TA FO MP PP MP PK MP
------------------------------------------------------------------------------------
Adam Deadmarsh 0 0 0 0 0 1 1 0 0 0 2/2 11:59 0:00 0:00
Anson Carter 0 1 1 1 0 1 1 0 0 0 0/0 14:50 0:57 0:00
Bret Hedican 0 0 0 -2 0 4 2 2 0 0 0/0 22:22 0:50 1:44
Chris Drury 0 1 1 0 0 2 1 0 0 1 14/26 21:18 1:02 1:13
Chris Higgins 0 0 0 0 0 2 2 0 1 0 0/0 14:15 0:00 2:01
Danil Markov 0 0 0 0 0 1 1 1 0 1 0/0 17:50 0:00 3:45
Fedor Tyutin 0 0 0 -2 2 1 4 1 0 1 0/0 19:43 0:50 1:19
Fredrik Modin 0 0 0 -2 0 1 3 0 0 1 0/0 9:25 0:00 0:22
Jozef Stumpel 0 1 1 1 0 6 1 0 3 0 0/2 14:49 1:02 0:00
Mark Recchi 0 1 1 0 2 6 1 0 0 1 4/6 19:42 1:02 0:00
Mike Green 2 1 3 1 0 6 0 4 0 1 0/0 25:05 1:09 0:00
Mike Knuble 0 0 0 -2 0 0 0 0 0 0 0/0 8:31 0:00 0:00
Mike Ricci 0 0 0 -2 0 0 2 0 1 0 2/4 10:08 0:00 1:10
Nathan Dempsey 0 1 1 1 2 3 3 2 1 2 0/0 24:58 1:09 1:21
Niclas Wallin 0 0 0 0 0 1 2 1 1 1 0/0 16:37 0:00 3:45
R.J. Umberger 0 0 0 1 0 1 4 0 0 1 0/0 18:04 0:57 0:00
Rod Brind'Amour 1 0 1 0 0 2 0 2 1 0 7/14 15:50 0:00 3:34
Vaclav Prospal 0 0 0 1 0 0 2 0 0 0 5/7 19:18 0:57 3:34
3 Stars
1 - Mike Green (Min)
2 - Kim Johnsson (Det)
3 - Maxim Kondratiev (Det)
Power Play
Red Wings - 0 on 3 Attempt(s) - 0,00%
Wild - 0 on 1 Attempt(s) - 0,00%
Penalty Kill
Red Wings - 1 on 1 Attempt(s) - 100,00%
- Score 0 goal in Penalty Kill
Wild - 3 on 3 Attempt(s) - 100,00%
- Score 0 goal in Penalty Kill
Official
Referees : Hebert Ghislain and Sutherland Kelly
Linesman : Don Henderson and Lyle Seitz
Game Notes
6:12 of 2nd period - Red Wings goal is going for a video replay. After video review, Goal.
Finance
Level 1 -- Attendance: 4304 (71,73%) -- Ticket Income 430 400 $
Level 2 -- Attendance: 3693 (73,86%) -- Ticket Income 221 580 $
Level 3 -- Attendance: 1482 (74,10%) -- Ticket Income 51 870 $
Level 4 -- Attendance: 2681 (67,03%) -- Ticket Income 67 025 $
Luxury Box -- Attendance: 738 (73,80%) -- Ticket Income 147 600 $
Game was played at the Forest Center
Total Attendance: 12898 (71,66%)
Total Ticket Income: 918 475 $
Total Income: 918 475 $
Red Wings
5 vs 5 Forward
Center Left Wing Right Wing Time % Phy DF OF
1 Mike Richards Donald Brashear Jarome Iginla 40 0 1 4
2 Martin Straka Sean Bergenheim Antti Miettinen 27 0 1 4
3 Jan Bulis Peter Schaefer Lubos Bartecko 26 0 2 3
4 Brian Sutherby Marcel Hossa Mathieu Dandenault 7 0 3 2
5 vs 5 Defense
Defense Defense Time % Phy DF OF
1 Kim Johnsson Paul Martin 40 0 2 3
2 Shea Weber Maxim Kondratiev 35 0 2 3
3 Christian Backman Brian Pothier 15 0 3 2
4 Kim Johnsson Paul Martin 10 0 3 2
PowerPlay Forward
Center Left Wing Right Wing Time % Phy DF OF
1 Mike Richards Donald Brashear Jarome Iginla 60 0 1 4
2 Martin Straka Sean Bergenheim Antti Miettinen 40 0 1 4
PowerPlay Defense
Defense Defense Time % Phy DF OF
1 Kim Johnsson Paul Martin 60 0 2 3
2 Shea Weber Brian Pothier 40 0 2 3
Penalty Kill 4 Players Forward
Center Wing Time % Phy DF OF
1 Brian Sutherby Jarome Iginla 60 0 4 1
2 Jan Bulis Mathieu Dandenault 40 0 4 1
Penalty Kill 4 Players Defense
Defense Defense Time % Phy DF OF
1 Kim Johnsson Shea Weber 60 0 4 1
2 Christian Backman Maxim Kondratiev 40 0 4 1
Penalty Kill - 3 Players Forward
Forward Time % Phy DF OF
1 Brian Sutherby 60 0 4 1
2 Jan Bulis 40 0 4 1
Penalty Kill - 3 Players Defense
Defense Defense Time % Phy DF OF
1 Kim Johnsson Shea Weber 60 0 4 1
2 Christian Backman Maxim Kondratiev 40 0 4 1
4 vs 4 Forward
Center Wing Time % Phy DF OF
1 Mike Richards Jarome Iginla 60 0 1 4
2 Martin Straka Sean Bergenheim 40 0 1 4
4 vs 4 Defense
Defense Defense Time % Phy DF OF
1 Kim Johnsson Paul Martin 60 0 2 3
2 Shea Weber Maxim Kondratiev 40 0 2 3
Last Minutes Offensive
Center Left Wing Right Wing Defense Defense
Mike Richards Sean Bergenheim Jarome Iginla Kim Johnsson Paul Martin
Last Minutes Defensive
Center Left Wing Right Wing Defense Defense
Jan Bulis Peter Schaefer Jarome Iginla Kim Johnsson Shea Weber
Goaltenders
Starting : Jonathan Quick
Backup : Mike Smith
Extra Forwards
Normal : Martin Straka, Jarome Iginla, Jan Bulis - PP : Martin Straka, Jarome Iginla - PK : Antti Miettinen
Extra Defensemen
Normal : Shea Weber, Paul Martin, Kim Johnsson - PP : Shea Weber - PK : Christian Backman, Maxim Kondratiev
Penalty Shots
Jarome Iginla, Mike Richards, Antti Miettinen, Peter Schaefer, Brian Sutherby
Wild
5 vs 5 Forward
Center Left Wing Right Wing Time % Phy DF OF
1 Chris Drury R.J. Umberger Mark Recchi 40 1 1 3
2 Vaclav Prospal Jozef Stumpel Anson Carter 30 1 1 3
3 Rod Brind'Amour Chris Higgins Adam Deadmarsh 20 1 3 1
4 Mike Ricci Fredrik Modin Mike Knuble 10 2 2 1
5 vs 5 Defense
Defense Defense Time % Phy DF OF
1 Mike Green Nathan Dempsey 40 1 3 1
2 Fedor Tyutin Bret Hedican 30 1 3 1
3 Niclas Wallin Danil Markov 20 2 2 1
4 Bret Hedican Mike Green 10 1 3 1
PowerPlay Forward
Center Left Wing Right Wing Time % Phy DF OF
1 Chris Drury Jozef Stumpel Mark Recchi 60 1 0 4
2 Vaclav Prospal R.J. Umberger Anson Carter 40 1 0 4
PowerPlay Defense
Defense Defense Time % Phy DF OF
1 Mike Green Nathan Dempsey 60 1 1 3
2 Fedor Tyutin Bret Hedican 40 1 1 3
Penalty Kill 4 Players Forward
Center Wing Time % Phy DF OF
1 Rod Brind'Amour Vaclav Prospal 60 3 2 0
2 Mike Ricci Chris Higgins 40 3 2 0
Penalty Kill 4 Players Defense
Defense Defense Time % Phy DF OF
1 Danil Markov Niclas Wallin 60 2 3 0
2 Fedor Tyutin Nathan Dempsey 40 2 3 0
Penalty Kill - 3 Players Forward
Forward Time % Phy DF OF
1 Rod Brind'Amour 60 2 3 0
2 Mike Ricci 40 2 3 0
Penalty Kill - 3 Players Defense
Defense Defense Time % Phy DF OF
1 Danil Markov Niclas Wallin 60 3 2 0
2 Nathan Dempsey Bret Hedican 40 3 2 0
4 vs 4 Forward
Center Wing Time % Phy DF OF
1 Mark Recchi Chris Drury 60 1 1 3
2 Jozef Stumpel Vaclav Prospal 40 1 1 3
4 vs 4 Defense
Defense Defense Time % Phy DF OF
1 Mike Green Nathan Dempsey 60 1 3 1
2 Fedor Tyutin Bret Hedican 40 1 3 1
Last Minutes Offensive
Center Left Wing Right Wing Defense Defense
Chris Drury Jozef Stumpel Mark Recchi Mike Green Nathan Dempsey
Last Minutes Defensive
Center Left Wing Right Wing Defense Defense
Rod Brind'Amour Chris Higgins Mike Ricci Danil Markov Niclas Wallin
Goaltenders
Starting : Martin Brodeur
Backup : Jamie Storr
Extra Forwards
Normal : Chris Drury, Mark Recchi, Anson Carter - PP : Chris Drury, Mark Recchi - PK : Rod Brind'Amour
Extra Defensemen
Normal : Mike Green, Nathan Dempsey, Bret Hedican - PP : Mike Green - PK : Danil Markov, Nathan Dempsey
Penalty Shots
Mark Recchi, Chris Drury, Jozef Stumpel, Vaclav Prospal, Rod Brind'Amour
% Time on Ice - Red Wings
Lines # - Real PCT - Wanted PCT - Time Play
Normal Forward
1 - 34% - 40% - 17:52
2 - 23% - 27% - 11:50
3 - 26% - 26% - 13:44
4 - 17% - 7% - 8:38
Normal Defense
1 - 39% - 40% - 20:24
2 - 37% - 35% - 19:26
3 - 19% - 15% - 9:47
4 - 5% - 10% - 2:27
PP Forward
1 - 57% - 60% - 3:25
2 - 43% - 40% - 2:32
PP Defense
1 - 68% - 60% - 4:02
2 - 32% - 40% - 1:55
PK Forward
1 - 69% - 60% - 1:22
2 - 31% - 40% - 0:37
PK Defense
1 - 87% - 60% - 1:44
2 - 13% - 40% - 0:15
PK3 Forward
1 - 0% - 60%
2 - 0% - 40%
PK3 Defense
1 - 0% - 60%
2 - 0% - 40%
44 Forward
1 - 70% - 60% - 1:52
2 - 30% - 40% - 0:49
44 Defense
1 - 63% - 60% - 1:41
2 - 37% - 40% - 1:00
Last Minute Offensive - 0:00
Last Minute Defensive - 0:00
Total
Forward - 62:41
Defense - 62:41
|
% Time on Ice - Wild
Lines # - Real PCT - Wanted PCT - Time Play
Normal Forward
1 - 36% - 40% - 18:49
2 - 26% - 30% - 13:17
3 - 22% - 20% - 11:27
4 - 16% - 10% - 8:31
Normal Defense
1 - 37% - 40% - 19:15
2 - 32% - 30% - 16:43
3 - 25% - 20% - 12:52
4 - 6% - 10% - 3:14
PP Forward
1 - 52% - 60% - 1:02
2 - 48% - 40% - 0:57
PP Defense
1 - 58% - 60% - 1:09
2 - 42% - 40% - 0:50
PK Forward
1 - 80% - 60% - 4:47
2 - 20% - 40% - 1:10
PK Defense
1 - 63% - 60% - 3:45
2 - 37% - 40% - 2:12
PK3 Forward
1 - 0% - 60%
2 - 0% - 40%
PK3 Defense
1 - 0% - 60%
2 - 0% - 40%
44 Forward
1 - 75% - 60% - 2:00
2 - 25% - 40% - 0:41
44 Defense
1 - 54% - 60% - 1:27
2 - 46% - 40% - 1:14
Last Minute Offensive - 0:00
Last Minute Defensive - 0:00
Total
Forward - 62:41
Defense - 62:41
|
Play by Play
1st period
0:01 of 1st period - Mike Richards wins face-off versus Chris Drury in neutral zone.
0:10 of 1st period - Nathan Dempsey is hit by Kim Johnsson and loses puck.
0:25 of 1st period - Paul Martin is hit by Vaclav Prospal and loses puck.
0:54 of 1st period - Off-side.
0:55 of 1st period - Mike Ricci wins face-off versus Marcel Hossa in neutral zone.
2:24 of 1st period - Wrist shot by Mike Richards.
2:24 of 1st period - Stopped by Martin Brodeur with a rebound.
2:26 of 1st period - Slapshot by Maxim Kondratiev.
2:26 of 1st period - Shot Misses the Net.
2:50 of 1st period - Snap shot by Marcel Hossa.
2:50 of 1st period - Shot Hit the Post.
2:52 of 1st period - Wrist shot by Mathieu Dandenault.
2:52 of 1st period - Shot Blocked by Danil Markov.
3:04 of 1st period - Wrist shot by Jozef Stumpel.
3:04 of 1st period - Stopped by Jonathan Quick without a rebound.
3:05 of 1st period - Jan Bulis wins face-off versus Jozef Stumpel in Red Wings zone.
3:14 of 1st period - Slapshot by Vaclav Prospal.
3:14 of 1st period - Shot Blocked by Jan Bulis.
3:28 of 1st period - Slapshot by Lubos Bartecko.
3:28 of 1st period - Shot Misses the Net.
3:30 of 1st period - Wrist shot by Lubos Bartecko.
3:30 of 1st period - Shot Blocked by Bret Hedican.
3:32 of 1st period - Snap shot by Kim Johnsson.
3:32 of 1st period - Stopped by Martin Brodeur with a rebound.
4:02 of 1st period - Slapshot by Kim Johnsson.
4:02 of 1st period - Deflect By Fedor Tyutin.
4:02 of 1st period - Stopped by Martin Brodeur without a rebound.
4:03 of 1st period - Mike Richards wins face-off versus Chris Drury in Wild zone.
4:06 of 1st period - Slapshot by Donald Brashear.
4:06 of 1st period - Shot Blocked by Mike Green.
4:14 of 1st period - Snap shot by Mark Recchi.
4:14 of 1st period - Shot Misses the Net.
4:16 of 1st period - Slapshot by Nathan Dempsey.
4:16 of 1st period - Stopped by Jonathan Quick with a rebound.
4:18 of 1st period - Wrist shot by Mark Recchi.
4:18 of 1st period - Deflect By Chris Drury.
4:18 of 1st period - Shot Misses the Net.
4:18 of 1st period - Puck is out of play.
4:19 of 1st period - Martin Straka wins face-off versus Rod Brind'Amour in Red Wings zone.
4:51 of 1st period - Snap shot by R.J. Umberger.
4:51 of 1st period - Stopped by Jonathan Quick without a rebound.
4:52 of 1st period - Chris Drury wins face-off versus Mike Richards in Red Wings zone.
5:22 of 1st period - Snap shot by Martin Straka.
5:22 of 1st period - Stopped by Martin Brodeur with a rebound.
5:42 of 1st period - Fredrik Modin is hit by Brian Pothier and loses puck.
5:53 of 1st period - Peter Schaefer is hit by Bret Hedican.
6:50 of 1st period - Maxim Kondratiev is hit by Chris Higgins.
6:58 of 1st period - Wrist shot by Antti Miettinen.
6:58 of 1st period - Shot Blocked by Nathan Dempsey.
7:09 of 1st period - Icing by Shea Weber.
7:10 of 1st period - Martin Straka wins face-off versus Mike Ricci in Red Wings zone.
7:10 of 1st period - Martin Straka is hit by Fredrik Modin.
7:22 of 1st period - Snap shot by Jarome Iginla.
7:22 of 1st period - Stopped by Martin Brodeur without a rebound.
7:23 of 1st period - Jarome Iginla wins face-off versus Chris Drury in Wild zone.
8:38 of 1st period - Icing by Fredrik Modin.
8:39 of 1st period - Mike Ricci wins face-off versus Mike Richards in Wild zone.
9:22 of 1st period - Mike Ricci is hit by Donald Brashear and loses puck.
9:49 of 1st period - Wrist shot by Donald Brashear.
9:49 of 1st period - Stopped by Martin Brodeur with a rebound.
9:51 of 1st period - Slapshot by Donald Brashear.
9:51 of 1st period - Goal by Donald Brashear - Red Wings : 1 - Wild : 0.
9:52 of 1st period - Chris Drury wins face-off versus Martin Straka in neutral zone.
10:19 of 1st period - Paul Martin is hit by Bret Hedican and loses puck.
10:24 of 1st period - Wrist shot by Jozef Stumpel.
10:24 of 1st period - Deflect By Vaclav Prospal.
10:24 of 1st period - Shot Misses the Net.
10:24 of 1st period - Puck is out of play.
10:25 of 1st period - Lubos Bartecko wins face-off versus Chris Drury in Red Wings zone.
11:01 of 1st period - Vaclav Prospal is hit by Antti Miettinen and loses puck.
11:31 of 1st period - Slapshot by Mike Green.
11:31 of 1st period - Stopped by Jonathan Quick without a rebound.
11:32 of 1st period - Chris Drury wins face-off versus Brian Sutherby in Red Wings zone.
11:37 of 1st period - Snap shot by Chris Drury.
11:37 of 1st period - Shot Misses the Net.
12:18 of 1st period - Off-side.
12:19 of 1st period - Rod Brind'Amour wins face-off versus Antti Miettinen in neutral zone.
12:30 of 1st period - Slapshot by Adam Deadmarsh.
12:30 of 1st period - Shot Blocked by Shea Weber.
12:52 of 1st period - Wrist shot by Peter Schaefer.
12:52 of 1st period - Stopped by Martin Brodeur with a rebound.
12:54 of 1st period - Slapshot by Maxim Kondratiev.
12:54 of 1st period - Stopped by Martin Brodeur with a rebound.
12:56 of 1st period - Wrist shot by Jan Bulis.
12:56 of 1st period - Shot Hit the Post.
13:10 of 1st period - Wrist shot by Mark Recchi.
13:10 of 1st period - Stopped by Jonathan Quick without a rebound.
13:11 of 1st period - Chris Drury wins face-off versus Mike Richards in Red Wings zone.
13:16 of 1st period - Snap shot by Mark Recchi.
13:16 of 1st period - Stopped by Jonathan Quick with a rebound.
13:18 of 1st period - Slapshot by Mark Recchi.
13:18 of 1st period - Stopped by Jonathan Quick without a rebound.
13:19 of 1st period - Mike Richards wins face-off versus Chris Drury in Red Wings zone.
13:24 of 1st period - Paul Martin is hit by Fedor Tyutin and loses puck.
13:33 of 1st period - Slapshot by Chris Drury.
13:33 of 1st period - Stopped by Jonathan Quick with a rebound.
13:35 of 1st period - Snap shot by Mark Recchi.
13:35 of 1st period - Shot Misses the Net.
13:36 of 1st period - Minor Penalty to Kim Johnsson for Holding.
13:37 of 1st period - Brian Sutherby wins face-off versus Chris Drury in Red Wings zone.
15:36 of 1st period - Penalty to Kim Johnsson is over, Kim Johnsson is back on ice.
15:58 of 1st period - Slapshot by Kim Johnsson.
15:58 of 1st period - Stopped by Martin Brodeur with a rebound.
16:00 of 1st period - Snap shot by Jan Bulis.
16:00 of 1st period - Stopped by Martin Brodeur without a rebound.
16:01 of 1st period - Rod Brind'Amour wins face-off versus Martin Straka in Wild zone.
16:12 of 1st period - Slapshot by Adam Deadmarsh.
16:12 of 1st period - Shot Blocked by Antti Miettinen.
16:14 of 1st period - Snap shot by Rod Brind'Amour.
16:14 of 1st period - Stopped by Jonathan Quick without a rebound.
16:15 of 1st period - Rod Brind'Amour wins face-off versus Jarome Iginla in Red Wings zone.
16:51 of 1st period - Snap shot by Martin Straka.
16:51 of 1st period - Stopped by Martin Brodeur with a rebound.
17:31 of 1st period - Wrist shot by Mathieu Dandenault.
17:31 of 1st period - Deflect By Brian Sutherby.
17:31 of 1st period - Shot Misses the Net.
17:31 of 1st period - Puck is out of play.
17:32 of 1st period - Chris Drury wins face-off versus Mike Richards in Wild zone.
17:59 of 1st period - Martin Straka is hit by Vaclav Prospal and loses puck.
18:14 of 1st period - Mike Green is hit by Sean Bergenheim and loses puck.
18:34 of 1st period - Slapshot by Martin Straka.
18:34 of 1st period - Shot Misses the Net.
18:36 of 1st period - Slapshot by Shea Weber.
18:36 of 1st period - Stopped by Martin Brodeur without a rebound.
18:37 of 1st period - Chris Drury wins face-off versus Mike Richards in Wild zone.
18:44 of 1st period - Backhand shot by Chris Drury.
18:44 of 1st period - Shot Misses the Net.
19:02 of 1st period - Chris Drury is hit by Brian Sutherby and loses puck.
19:13 of 1st period - Wrist shot by Brian Sutherby.
19:13 of 1st period - Stopped by Martin Brodeur with a rebound.
19:15 of 1st period - Slapshot by Maxim Kondratiev.
19:15 of 1st period - Stopped by Martin Brodeur with a rebound.
19:22 of 1st period - Icing by Chris Drury.
19:23 of 1st period - Chris Drury wins face-off versus Jan Bulis in Wild zone.
2nd period
0:01 of 2nd period - Mike Richards wins face-off versus Mark Recchi in neutral zone.
0:26 of 2nd period - Paul Martin is hit by Jozef Stumpel and loses puck.
0:50 of 2nd period - Minor Penalty to Fedor Tyutin for Hooking.
0:51 of 2nd period - Mike Richards wins face-off versus Rod Brind'Amour in Wild zone.
0:58 of 2nd period - Slapshot by Paul Martin.
0:58 of 2nd period - Stopped by Martin Brodeur without a rebound.
0:59 of 2nd period - Rod Brind'Amour wins face-off versus Mike Richards in Wild zone.
2:40 of 2nd period - Sean Bergenheim is hit by Fredrik Modin and loses puck.
2:50 of 2nd period - Penalty to Fedor Tyutin is over, Fedor Tyutin is back on ice.
2:59 of 2nd period - Fedor Tyutin is hit by Lubos Bartecko and loses puck.
3:54 of 2nd period - Wrist shot by Nathan Dempsey.
3:54 of 2nd period - Deflect By Mark Recchi.
3:54 of 2nd period - Shot Misses the Net.
3:54 of 2nd period - Puck is out of play.
3:55 of 2nd period - Mark Recchi wins face-off versus Mike Richards in Red Wings zone.
4:31 of 2nd period - Off-side.
4:32 of 2nd period - Jan Bulis wins face-off versus Chris Drury in neutral zone.
4:49 of 2nd period - Shea Weber is hit by R.J. Umberger and loses puck.
5:06 of 2nd period - Donald Brashear is hit by Fredrik Modin and loses puck.
5:43 of 2nd period - Mike Green is hit by Marcel Hossa and loses puck.
6:02 of 2nd period - Slapshot by Kim Johnsson.
6:02 of 2nd period - Stopped by Martin Brodeur without a rebound.
6:03 of 2nd period - Jan Bulis wins face-off versus Mike Ricci in Wild zone.
6:10 of 2nd period - Snap shot by Jan Bulis.
6:10 of 2nd period - Shot Blocked by Bret Hedican.
6:12 of 2nd period - Slapshot by Kim Johnsson.
6:12 of 2nd period - Red Wings goal is going for a video replay.
6:12 of 2nd period - The goal is good.
6:12 of 2nd period - Goal by Kim Johnsson - Red Wings : 2 - Wild : 0.
6:13 of 2nd period - Chris Drury wins face-off versus Mike Richards in neutral zone.
6:16 of 2nd period - Mike Richards is hit by Mark Recchi and loses puck.
6:29 of 2nd period - Wrist shot by Chris Drury.
6:29 of 2nd period - Shot Misses the Net.
6:44 of 2nd period - Snap shot by Jozef Stumpel.
6:44 of 2nd period - Stopped by Jonathan Quick with a rebound.
8:24 of 2nd period - Slapshot by Lubos Bartecko.
8:24 of 2nd period - Shot Blocked by Niclas Wallin.
8:32 of 2nd period - Wrist shot by Chris Higgins.
8:32 of 2nd period - Stopped by Jonathan Quick with a rebound.
8:34 of 2nd period - Snap shot by Adam Deadmarsh.
8:34 of 2nd period - Stopped by Jonathan Quick without a rebound.
8:35 of 2nd period - Mike Richards wins face-off versus Chris Drury in Red Wings zone.
8:41 of 2nd period - Snap shot by Paul Martin.
8:41 of 2nd period - Shot Misses the Net.
8:43 of 2nd period - Slapshot by Kim Johnsson.
8:43 of 2nd period - Shot Blocked by Mike Green.
9:21 of 2nd period - Wrist shot by Jan Bulis.
9:21 of 2nd period - Shot Misses the Net.
9:23 of 2nd period - Snap shot by Peter Schaefer.
9:23 of 2nd period - Shot Blocked by Mike Green.
10:50 of 2nd period - Snap shot by Lubos Bartecko.
10:50 of 2nd period - Shot Blocked by Rod Brind'Amour.
11:04 of 2nd period - Brian Sutherby is hit by Niclas Wallin and loses puck.
11:09 of 2nd period - Slapshot by Mike Ricci.
11:09 of 2nd period - Shot Misses the Net.
11:11 of 2nd period - Slapshot by Fedor Tyutin.
11:11 of 2nd period - Shot Blocked by Mathieu Dandenault.
11:13 of 2nd period - Slapshot by Bret Hedican.
11:13 of 2nd period - Deflect By Shea Weber.
11:13 of 2nd period - Stopped by Jonathan Quick with a rebound.
11:23 of 2nd period - Donald Brashear is hit by R.J. Umberger and loses puck.
11:47 of 2nd period - Jarome Iginla is hit by Danil Markov and loses puck.
13:05 of 2nd period - Wrist shot by Mark Recchi.
13:05 of 2nd period - Shot Blocked by Paul Martin.
13:07 of 2nd period - Backhand shot by Fedor Tyutin.
13:07 of 2nd period - Stopped by Jonathan Quick with a rebound.
13:09 of 2nd period - Slapshot by Bret Hedican.
13:09 of 2nd period - Deflect By Kim Johnsson.
13:09 of 2nd period - Stopped by Jonathan Quick with a rebound.
13:11 of 2nd period - Wrist shot by Mark Recchi.
13:11 of 2nd period - Deflect By Chris Drury.
13:11 of 2nd period - Shot Blocked by Jan Bulis.
13:11 of 2nd period - Puck is out of play.
13:12 of 2nd period - Vaclav Prospal wins face-off versus Brian Sutherby in Red Wings zone.
13:39 of 2nd period - Brian Pothier is hit by R.J. Umberger and loses puck.
13:59 of 2nd period - Snap shot by Lubos Bartecko.
13:59 of 2nd period - Shot Misses the Net.
14:38 of 2nd period - Martin Straka is hit by Niclas Wallin and loses puck.
14:43 of 2nd period - Snap shot by Jozef Stumpel.
14:43 of 2nd period - Stopped by Jonathan Quick without a rebound.
14:44 of 2nd period - Mike Richards wins face-off versus Chris Drury in Red Wings zone.
15:19 of 2nd period - Off-side.
15:20 of 2nd period - Chris Drury wins face-off versus Mike Richards in neutral zone.
15:22 of 2nd period - Off-side.
15:23 of 2nd period - Chris Drury wins face-off versus Mike Richards in neutral zone.
15:26 of 2nd period - Slapshot by Chris Drury.
15:26 of 2nd period - Shot Blocked by Maxim Kondratiev.
15:28 of 2nd period - Slapshot by Mike Green.
15:28 of 2nd period - Stopped by Jonathan Quick with a rebound.
15:30 of 2nd period - Backhand shot by Nathan Dempsey.
15:30 of 2nd period - Stopped by Jonathan Quick with a rebound.
15:32 of 2nd period - Slapshot by Mike Green.
15:32 of 2nd period - Shot Misses the Net.
15:38 of 2nd period - Slapshot by Mark Recchi.
15:38 of 2nd period - Shot Misses the Net.
15:52 of 2nd period - Snap shot by Sean Bergenheim.
15:52 of 2nd period - Shot Blocked by Mike Green.
15:54 of 2nd period - Slapshot by Maxim Kondratiev.
15:54 of 2nd period - Deflect By Jozef Stumpel.
15:54 of 2nd period - Stopped by Martin Brodeur with a rebound.
15:56 of 2nd period - Slapshot by Shea Weber.
15:56 of 2nd period - Stopped by Martin Brodeur with a rebound.
15:58 of 2nd period - Backhand shot by Shea Weber.
15:58 of 2nd period - Stopped by Martin Brodeur without a rebound.
15:59 of 2nd period - Chris Drury wins face-off versus Jan Bulis in Wild zone.
16:58 of 2nd period - Snap shot by Mark Recchi.
16:58 of 2nd period - Shot Misses the Net.
17:00 of 2nd period - Wrist shot by Mark Recchi.
17:00 of 2nd period - Shot Blocked by Mathieu Dandenault.
17:02 of 2nd period - Wrist shot by R.J. Umberger.
17:02 of 2nd period - Shot Blocked by Brian Sutherby.
17:04 of 2nd period - Snap shot by Bret Hedican.
17:04 of 2nd period - Shot Blocked by Shea Weber.
17:06 of 2nd period - Snap shot by Chris Drury.
17:06 of 2nd period - Stopped by Jonathan Quick with a rebound.
17:08 of 2nd period - Slapshot by Fedor Tyutin.
17:08 of 2nd period - Shot Blocked by Maxim Kondratiev.
17:10 of 2nd period - Snap shot by Mark Recchi.
17:10 of 2nd period - Stopped by Jonathan Quick with a rebound.
17:12 of 2nd period - Slapshot by Fedor Tyutin.
17:12 of 2nd period - Deflect By R.J. Umberger.
17:12 of 2nd period - Shot Misses the Net.
17:12 of 2nd period - Puck is out of play.
17:13 of 2nd period - Vaclav Prospal wins face-off versus Mike Richards in Red Wings zone.
17:20 of 2nd period - Wrist shot by Jozef Stumpel.
17:20 of 2nd period - Stopped by Jonathan Quick without a rebound.
17:21 of 2nd period - Vaclav Prospal wins face-off versus Mike Richards in Red Wings zone.
17:22 of 2nd period - Wrist shot by Jozef Stumpel.
17:22 of 2nd period - Stopped by Jonathan Quick without a rebound.
17:23 of 2nd period - Mike Richards wins face-off versus Vaclav Prospal in Red Wings zone.
17:58 of 2nd period - Snap shot by Anson Carter.
17:58 of 2nd period - Stopped by Jonathan Quick with a rebound.
18:00 of 2nd period - Slapshot by Mike Green.
18:00 of 2nd period - Goal by Mike Green - Red Wings : 2 - Wild : 1.
18:01 of 2nd period - Mark Recchi wins face-off versus Jan Bulis in neutral zone.
18:06 of 2nd period - Wrist shot by Chris Drury.
18:06 of 2nd period - Shot Misses the Net.
18:08 of 2nd period - Wrist shot by Nathan Dempsey.
18:08 of 2nd period - Shot Blocked by Paul Martin.
18:10 of 2nd period - Slapshot by Mike Green.
18:10 of 2nd period - Stopped by Jonathan Quick without a rebound.
18:11 of 2nd period - Jan Bulis wins face-off versus Chris Drury in Red Wings zone.
18:24 of 2nd period - Wrist shot by Mark Recchi.
18:24 of 2nd period - Shot Misses the Net.
18:26 of 2nd period - Wrist shot by Mark Recchi.
18:26 of 2nd period - Stopped by Jonathan Quick with a rebound.
18:28 of 2nd period - Snap shot by Mike Green.
18:28 of 2nd period - Deflect By Kim Johnsson.
18:28 of 2nd period - Goal by Mike Green - Red Wings : 2 - Wild : 2.
18:29 of 2nd period - Mike Richards wins face-off versus Mark Recchi in neutral zone.
18:32 of 2nd period - Mike Green is hit by Paul Martin and loses puck.
18:43 of 2nd period - Wrist shot by Mark Recchi.
18:43 of 2nd period - Shot Misses the Net.
18:45 of 2nd period - Slapshot by Mike Green.
18:45 of 2nd period - Stopped by Jonathan Quick with a rebound.
18:55 of 2nd period - Bret Hedican is hit by Sean Bergenheim.
19:08 of 2nd period - Icing by Sean Bergenheim.
19:09 of 2nd period - Chris Drury wins face-off versus Martin Straka in Red Wings zone.
19:09 of 2nd period - Minor Penalty to Mark Recchi for Hooking.
19:10 of 2nd period - Rod Brind'Amour wins face-off versus Mike Richards in Wild zone.
3rd period
0:01 of 3rd period - Mike Richards wins face-off versus Rod Brind'Amour in neutral zone.
0:14 of 3rd period - Snap shot by Jarome Iginla.
0:14 of 3rd period - Shot Misses the Net.
0:16 of 3rd period - Wrist shot by Paul Martin.
0:16 of 3rd period - Stopped by Martin Brodeur without a rebound.
0:17 of 3rd period - Rod Brind'Amour wins face-off versus Martin Straka in Wild zone.
0:37 of 3rd period - Danil Markov is hit by Kim Johnsson and loses puck.
1:09 of 3rd period - Penalty to Mark Recchi is over, Mark Recchi is back on ice.
1:24 of 3rd period - Wrist shot by Mark Recchi.
1:24 of 3rd period - Shot Blocked by Jan Bulis.
1:40 of 3rd period - Brian Pothier is hit by Fedor Tyutin and loses puck.
2:03 of 3rd period - Vaclav Prospal is hit by Kim Johnsson and loses puck.
2:56 of 3rd period - Wrist shot by Lubos Bartecko.
2:56 of 3rd period - Shot Misses the Net.
2:58 of 3rd period - Wrist shot by Christian Backman.
2:58 of 3rd period - Stopped by Martin Brodeur without a rebound.
2:59 of 3rd period - Adam Deadmarsh wins face-off versus Mike Richards in Wild zone.
3:12 of 3rd period - Snap shot by Paul Martin.
3:12 of 3rd period - Stopped by Martin Brodeur with a rebound.
3:24 of 3rd period - Paul Martin is hit by Mike Ricci and loses puck.
3:47 of 3rd period - Snap shot by Mark Recchi.
3:47 of 3rd period - Deflect By R.J. Umberger.
3:47 of 3rd period - Shot Blocked by Brian Sutherby.
3:47 of 3rd period - Puck is out of play.
3:48 of 3rd period - Chris Drury wins face-off versus Brian Sutherby in Red Wings zone.
4:18 of 3rd period - Nathan Dempsey is hit by Mathieu Dandenault and loses puck.
4:55 of 3rd period - Snap shot by Brian Sutherby.
4:55 of 3rd period - Shot Blocked by Fedor Tyutin.
4:57 of 3rd period - Wrist shot by Paul Martin.
4:57 of 3rd period - Stopped by Martin Brodeur without a rebound.
4:58 of 3rd period - Mike Richards wins face-off versus Rod Brind'Amour in Wild zone.
4:59 of 3rd period - Wrist shot by Jarome Iginla.
4:59 of 3rd period - Shot Misses the Net.
5:07 of 3rd period - Snap shot by Jarome Iginla.
5:07 of 3rd period - Shot Misses the Net.
5:09 of 3rd period - Wrist shot by Mike Richards.
5:09 of 3rd period - Shot Hit the Post.
5:11 of 3rd period - Slapshot by Maxim Kondratiev.
5:11 of 3rd period - Deflect By Jarome Iginla.
5:11 of 3rd period - Stopped by Martin Brodeur with a rebound.
5:13 of 3rd period - Snap shot by Donald Brashear.
5:13 of 3rd period - Stopped by Martin Brodeur with a rebound.
5:36 of 3rd period - Peter Schaefer is hit by Nathan Dempsey and loses puck.
5:58 of 3rd period - Maxim Kondratiev is hit by Nathan Dempsey and loses puck.
6:09 of 3rd period - Slapshot by Lubos Bartecko.
6:09 of 3rd period - Shot Misses the Net.
6:11 of 3rd period - Slapshot by Maxim Kondratiev.
6:11 of 3rd period - Shot Blocked by Rod Brind'Amour.
6:13 of 3rd period - Slapshot by Maxim Kondratiev.
6:13 of 3rd period - Shot Blocked by Nathan Dempsey.
6:15 of 3rd period - Snap shot by Peter Schaefer.
6:15 of 3rd period - Shot Misses the Net.
6:17 of 3rd period - Slapshot by Shea Weber.
6:17 of 3rd period - Goal by Shea Weber - Red Wings : 3 - Wild : 2.
6:18 of 3rd period - Mike Richards wins face-off versus Chris Drury in neutral zone.
6:31 of 3rd period - Snap shot by Mark Recchi.
6:31 of 3rd period - Stopped by Jonathan Quick with a rebound.
6:56 of 3rd period - Icing by Kim Johnsson.
6:57 of 3rd period - Brian Sutherby wins face-off versus Vaclav Prospal in Red Wings zone.
7:42 of 3rd period - Wrist shot by Peter Schaefer.
7:42 of 3rd period - Stopped by Martin Brodeur without a rebound.
7:43 of 3rd period - Jan Bulis wins face-off versus Rod Brind'Amour in Wild zone.
7:56 of 3rd period - Backhand shot by Chris Higgins.
7:56 of 3rd period - Stopped by Jonathan Quick without a rebound.
7:57 of 3rd period - Mike Richards wins face-off versus Chris Drury in Red Wings zone.
7:57 of 3rd period - Mike Richards is hit by R.J. Umberger.
8:07 of 3rd period - Minor Penalty to Nathan Dempsey for Hooking.
8:08 of 3rd period - Mike Richards wins face-off versus Rod Brind'Amour in Wild zone.
9:15 of 3rd period - Shea Weber is hit by Chris Higgins and loses puck.
10:07 of 3rd period - Penalty to Nathan Dempsey is over, Nathan Dempsey is back on ice.
10:25 of 3rd period - Chris Drury is hit by Shea Weber.
10:31 of 3rd period - Maxim Kondratiev is hit by Fedor Tyutin and loses puck.
11:11 of 3rd period - Snap shot by Fredrik Modin.
11:11 of 3rd period - Stopped by Jonathan Quick with a rebound.
12:00 of 3rd period - Chris Drury is hit by Maxim Kondratiev and loses puck.
12:35 of 3rd period - Slapshot by Anson Carter.
12:35 of 3rd period - Shot Misses the Net.
13:31 of 3rd period - Brian Sutherby is hit by Adam Deadmarsh and loses puck.
13:38 of 3rd period - Fedor Tyutin is hit by Mathieu Dandenault and loses puck.
14:06 of 3rd period - Wrist shot by Vaclav Prospal.
14:06 of 3rd period - Shot Misses the Net.
14:36 of 3rd period - Nathan Dempsey is hit by Paul Martin and loses puck.
14:57 of 3rd period - Slapshot by Mike Green.
14:57 of 3rd period - Shot Misses the Net.
15:14 of 3rd period - Slapshot by Danil Markov.
15:14 of 3rd period - Stopped by Jonathan Quick without a rebound.
15:15 of 3rd period - Vaclav Prospal wins face-off versus Martin Straka in Red Wings zone.
15:16 of 3rd period - Wrist shot by Anson Carter.
15:16 of 3rd period - Shot Misses the Net.
15:18 of 3rd period - Slapshot by Niclas Wallin.
15:18 of 3rd period - Deflect By Antti Miettinen.
15:18 of 3rd period - Stopped by Jonathan Quick without a rebound.
15:19 of 3rd period - Vaclav Prospal wins face-off versus Jan Bulis in Red Wings zone.
15:30 of 3rd period - Wrist shot by Vaclav Prospal.
15:30 of 3rd period - Shot Misses the Net.
15:48 of 3rd period - Icing by Niclas Wallin.
15:49 of 3rd period - Chris Drury wins face-off versus Mike Richards in Wild zone.
16:04 of 3rd period - Slapshot by Bret Hedican.
16:04 of 3rd period - Stopped by Jonathan Quick without a rebound.
16:05 of 3rd period - Rod Brind'Amour wins face-off versus Jan Bulis in Red Wings zone.
16:36 of 3rd period - Mike Richards is hit by Chris Drury.
17:26 of 3rd period - Bret Hedican is hit by Peter Schaefer and loses puck.
17:33 of 3rd period - Snap shot by Jan Bulis.
17:33 of 3rd period - Shot Misses the Net.
17:35 of 3rd period - Snap shot by Christian Backman.
17:35 of 3rd period - Deflect By Mark Recchi.
17:35 of 3rd period - Stopped by Martin Brodeur without a rebound.
17:36 of 3rd period - Mike Richards wins face-off versus Rod Brind'Amour in Wild zone.
17:41 of 3rd period - Snap shot by Nathan Dempsey.
17:41 of 3rd period - Stopped by Jonathan Quick with a rebound.
17:43 of 3rd period - Slapshot by Nathan Dempsey.
17:43 of 3rd period - Shot Misses the Net.
17:45 of 3rd period - Slapshot by Mike Green.
17:45 of 3rd period - Deflect By Rod Brind'Amour.
17:45 of 3rd period - Goal by Rod Brind'Amour - Red Wings : 3 - Wild : 3.
17:46 of 3rd period - Adam Deadmarsh wins face-off versus Jan Bulis in neutral zone.
17:55 of 3rd period - Wrist shot by Rod Brind'Amour.
17:55 of 3rd period - Shot Misses the Net.
18:43 of 3rd period - Wrist shot by Vaclav Prospal.
18:43 of 3rd period - Shot Misses the Net.
18:53 of 3rd period - Snap shot by Martin Straka.
18:53 of 3rd period - Shot Hit the Post.
19:28 of 3rd period - Jan Bulis is hit by Mike Ricci.
19:54 of 3rd period - Antti Miettinen is hit by Nathan Dempsey.
Overtime #1
0:01 of 1st overtime period - Mark Recchi wins face-off versus Mike Richards in neutral zone.
0:32 of 1st overtime period - Paul Martin is hit by Fedor Tyutin and loses puck.
0:47 of 1st overtime period - Slapshot by Kim Johnsson.
0:47 of 1st overtime period - Shot Misses the Net.
0:49 of 1st overtime period - Wrist shot by Martin Straka.
0:49 of 1st overtime period - Stopped by Martin Brodeur with a rebound.
0:51 of 1st overtime period - Slapshot by Paul Martin.
0:51 of 1st overtime period - Shot Misses the Net.
0:53 of 1st overtime period - Snap shot by Martin Straka.
0:53 of 1st overtime period - Stopped by Martin Brodeur without a rebound.
0:54 of 1st overtime period - Mark Recchi wins face-off versus Mike Richards in Wild zone.
1:21 of 1st overtime period - Shea Weber is hit by Anson Carter and loses puck.
1:28 of 1st overtime period - Nathan Dempsey is hit by Martin Straka and loses puck.
1:39 of 1st overtime period - Mark Recchi is hit by Kim Johnsson and loses puck.
1:50 of 1st overtime period - Mike Green is hit by Donald Brashear and loses puck.
2:05 of 1st overtime period - Snap shot by Jozef Stumpel.
2:05 of 1st overtime period - Stopped by Jonathan Quick with a rebound.
2:07 of 1st overtime period - Slapshot by Bret Hedican.
2:07 of 1st overtime period - Stopped by Jonathan Quick without a rebound.
2:08 of 1st overtime period - Mike Richards wins face-off versus Jozef Stumpel in Red Wings zone.
2:32 of 1st overtime period - Mark Recchi is hit by Maxim Kondratiev and loses puck.
2:37 of 1st overtime period - Snap shot by Martin Straka.
2:37 of 1st overtime period - Shot Misses the Net.
2:39 of 1st overtime period - Wrist shot by Kim Johnsson.
2:39 of 1st overtime period - Shot Misses the Net.
2:41 of 1st overtime period - Slapshot by Sean Bergenheim.
2:41 of 1st overtime period - Goal by Sean Bergenheim - Red Wings : 4 - Wild : 3.
Output by the SimonT Hockey Simulator (STHS) for François Prévost -- Original Page W3C XHTML 1.0 Valid